Map: Submarine LE

Players

Astrea - Winner!

  • Race: Protoss Protoss
  • League: Master
  • Spawn Location: 11:00

maru

  • Race: Terran Terran
  • Spawn Location: 5:00

Event: War Chest Team League

VOD

Have the link to the VOD?

Description

Time

  • Played on: Aug. 9, 2020, 11:34 a.m.
  • Length: 20:40
Show
View Real Time Build Order
Export as new Build Order

Astrea Protoss - Winner!

Build Orders: Dark Templar Rush 

Get SALT Encoding   

  12  0:00  Probe  
  13  0:12  Probe  
  14  0:18  Pylon  
  14  0:24  Probe (Chrono Boost)  
  15  0:37  Gateway, Probe (Chrono Boost)  
  16  0:43  Probe (Chrono Boost)  
  16  0:48  Pylon  
  17  0:52  Probe  
  18  0:57  Assimilator  
  18  1:07  Gateway  
  18  1:10  Probe  
  19  1:22  Probe  
  20  1:26  Cybernetics Core  
  20  1:34  Probe  
  20  1:37  Assimilator  
  23  1:45  Zealot (Chrono Boost)  
  23  1:47  Probe  
  24  1:52  Zealot (Chrono Boost)  
  24  1:59  Probe  
  27  2:08  Warp Gate  
  28  2:12  Stalker (Chrono Boost)  
  28  2:14  Stalker (Chrono Boost)  
  30  2:17  Pylon  
  30  2:33  Stalker (Chrono Boost)  
  32  2:43  Stalker  
  32  3:02  Stalker (Chrono Boost)  
  32  3:06  Twilight Council  
  32  3:24  Shield Battery  
  32  3:25  Gateway, Probe  
  32  3:26  Stalker (Chrono Boost)  
  33  3:27  Stalker (Chrono Boost)  
  35  3:37  Probe  
  34  3:50  Dark Shrine  
  34  4:02  Adept  
  34  4:03  Adept  
  34  4:06  Pylon  
  38  4:23  Stalker x2  
  36  4:27  Stalker  
  38  4:47  Nexus  
  38  5:00  Probe  
  38  5:04  Dark Templar  
  41  5:12  Probe, Dark Templar  
  44  5:24  Probe  
  45  5:35  Dark Templar  
  47  5:39  Probe  
  44  5:51  Probe  
  45  6:00  Probe  
  45  6:01  Blink (Chrono Boost)  
  45  6:03  Probe  
  45  6:12  Probe  
  45  6:15  Probe  
  47  6:19  Stalker  
  47  6:24  Probe  
  50  6:27  Probe  
  50  6:32  Stalker  
  53  6:36  Probe  
  53  6:37  Gateway, Assimilator  
  53  6:39  Stalker  
  57  6:42  Pylon  
  55  6:52  Pylon  
  55  6:53  Pylon  
  54  6:54  Gateway  
  54  6:55  Pylon  
  54  7:05  Probe x2  
  56  7:13  Stalker x2  
  60  7:17  Shadow Stride  
  60  7:18  Probe x2  
  62  7:23  Pylon  
  62  7:30  Probe x2  
  62  7:36  Stalker x2  
  68  7:42  Probe  
  68  7:43  Probe  
  68  7:49  Stalker x2  
  64  7:54  Probe  
  65  8:00  Assimilator  
  63  8:09  Templar Archives  
  63  8:12  Pylon  
  63  8:15  Charge  
  63  8:24  Nexus  
  63  8:26  Psionic Storm  
  63  8:48  Gateway  
  63  8:49  Gateway  
  63  8:52  Gateway  
  63  8:56  Robotics Facility  
  63  9:00  Probe  
  63  9:02  High Templar  
  66  9:08  Probe  
  67  9:13  Probe  
  67  9:14  High Templar  
  70  9:19  Gateway  
  70  9:20  Pylon, Probe  
  71  9:25  Probe  
  72  9:33  Probe (Chrono Boost)  
  72  9:34  High Templar  
  72  9:36  Probe (Chrono Boost)  
  77  9:43  Probe (Chrono Boost), Zealot  
  77  9:44  Probe (Chrono Boost)  
  77  9:45  Stalker  
  83  9:46  Probe (Chrono Boost)  
  83  9:47  High Templar  
  83  9:50  Probe (Chrono Boost)  
  83  9:51  Pylon  
  86  9:54  Probe  
  86  9:55  Probe  
  88  10:01  Probe  
  88  10:02  Forge  
  88  10:04  Warp Prism  
  88  10:07  Sentry  
  89  10:13  Assimilator  
  89  10:14  Assimilator  
  89  10:15  High Templar  
  89  10:16  Zealot  
  89  10:17  Zealot  
  89  10:19  Probe  
  89  10:21  Probe  
  97  10:26  Pylon  
  97  10:34  Protoss Ground Armor Level 1 (Chrono Boost)  
  95  10:36  Zealot x5  
  95  10:40  Observer  
  106  10:47  Pylon  
  106  10:48  Pylon, Zealot  
  106  10:49  Zealot  
  110  10:54  Probe  
  111  11:09  High Templar x4  
  111  11:10  Zealot x4  
  121  11:26  Nexus  
  121  11:34  Photon Cannon  
  121  11:35  Photon Cannon  
  121  11:41  Zealot x4  
  129  11:47  High Templar x2  
  129  11:48  Zealot x2  
  129  11:51  Observer  
  138  11:55  Archon  
  138  11:56  Forge  
  138  12:19  Protoss Ground Armor Level 2 (Chrono Boost)  
  138  12:22  Protoss Ground Weapons Level 1 (Chrono Boost), Observer  
  130  12:34  Probe x3  
  130  12:35  Immortal  
  130  12:36  High Templar x4  
  145  12:37  Zealot x4  
  145  12:40  Archon  
  145  12:41  Gateway, Archon  
  145  12:43  Gateway  
  152  12:45  Probe  
  152  12:46  Probe x3  
  152  12:48  Photon Cannon  
  152  12:49  Shield Battery  
  156  12:57  Probe  
  157  13:07  Robotics Facility, Probe x3, Robotics Bay  
  157  13:09  Probe  
  161  13:19  Probe  
  162  13:23  Probe x3  
  163  13:31  Observer (Chrono Boost)  
  162  13:51  Disruptor x2 (Chrono Boost)  
  168  13:58  Stalker x2, Observer  
  168  13:59  Pylon  
  168  14:01  Pylon x3  
  168  14:02  Pylon  
  172  14:07  Gateway, Assimilator x2  
  172  14:08  Gateway  
  172  14:09  Protoss Ground Weapons Level 2 (Chrono Boost)  
  172  14:15  Gravitic Drive (Chrono Boost)  
  172  14:19  Disruptor x2  
  172  14:22  Pylon  
  176  14:33  Stalker  
  176  14:34  Stalker x8  
  186  14:55  Disruptor x2  
  180  15:05  Protoss Air Weapons Level 1 (Chrono Boost)  
  178  15:08  Stargate  
  178  15:13  High Templar x2  
  182  15:19  Nexus  
  182  15:30  Protoss Ground Armor Level 3 (Chrono Boost)  
  182  15:31  Disruptor x2  
  182  15:32  Pylon  
  188  15:36  Gravitic Boosters  
  188  15:52  Photon Cannon  
  188  15:53  Photon Cannon  
  188  15:55  Photon Cannon  
  172  16:09  Observer  
  172  16:11  Archon  
  164  16:12  Disruptor x2  
  164  16:17  Zealot x9  
  164  16:18  Zealot x3  
  188  16:33  Extended Thermal Lance  
  184  16:48  Zealot x6  
  192  16:59  Protoss Ground Weapons Level 3 (Chrono Boost), Observer  
  189  17:09  Warp Prism  
  181  17:16  Pylon, Zealot x7  
  181  17:17  Zealot x2  
  129  17:52  Disruptor x2 (Chrono Boost)  
  129  17:54  Zealot x10  
  129  17:55  Zealot x2  
  159  18:05  Probe x5  
  145  18:08  Assimilator x2  
  145  18:10  Photon Cannon, Shield Battery  
  146  18:15  Dark Templar x12  
  146  18:19  Nexus  
  148  18:37  Disruptor x2  
  154  18:48  Stalker x12  
  168  18:54  Probe  
  150  19:13  Zealot x12  
  150  19:16  Disruptor x2 (Chrono Boost)  
  175  19:27  Observer  
  175  19:29  Probe  
  175  19:30  Probe x4  
  180  19:36  Sentry  
  180  19:37  High Templar x4, Zealot x2  
  180  19:38  Zealot x3  
  200  19:41  Archon x2  
  200  19:57  Stargate  
  200  20:02  Stargate  
  188  20:23  Zealot x11  
Show
View Real Time Build Order
Export as new Build Order

maru Terran 

Build Orders:  

Get SALT Encoding   

  12  0:00  SCV  
  13  0:13  SCV  
  14  0:17  Supply Depot  
  14  0:25  SCV  
  15  0:39  Barracks, SCV  
  16  0:45  Refinery  
  16  0:51  SCV  
  16  0:56  Refinery  
  17  1:03  SCV  
  18  1:15  SCV  
  19  1:26  Reaper  
  19  1:28  Orbital Command  
  20  1:36  Supply Depot  
  20  1:44  Factory  
  20  1:54  Engineering Bay  
  20  1:57  SCV  
  21  2:01  Reaper  
  22  2:09  SCV  
  23  2:21  SCV  
  24  2:30  Hellion  
  24  2:34  SCV  
  24  2:35  Reaper  
  28  2:39  Starport  
  27  2:48  SCV  
  27  2:54  Hellion  
  27  3:00  SCV  
  28  3:07  Reaper  
  28  3:12  SCV  
  30  3:17  Widow Mine  
  30  3:21  Supply Depot  
  30  3:24  SCV  
  30  3:36  SCV  
  30  3:42  Medivac  
  30  3:43  Hellion  
  33  3:48  SCV  
  34  4:02  Supply Depot  
  34  4:05  Widow Mine  
  34  4:06  Barracks Reactor  
  34  4:07  SCV  
  37  4:19  SCV  
  37  4:31  SCV  
  36  4:32  Viking  
  36  4:34  Widow Mine  
  36  4:37  Bunker  
  40  4:43  Marine x2, SCV  
  43  4:45  Supply Depot  
  43  4:55  SCV  
  43  4:59  Factory Tech Lab  
  44  5:00  Marine  
  44  5:01  Marine  
  44  5:04  Starport Tech Lab  
  46  5:18  Marine x2  
  46  5:20  Siege Tank  
  49  5:29  Command Center  
  49  5:34  Raven  
  48  5:43  Marine  
  48  5:45  Marine  
  41  5:50  SCV  
  38  5:58  Supply Depot  
  38  6:01  Marine  
  38  6:02  SCV  
  40  6:04  Marine  
  38  6:15  SCV  
  39  6:27  SCV  
  40  6:35  Marine x2, Siege Tank  
  40  6:39  SCV  
  45  6:51  SCV  
  45  6:55  Marine x2  
  47  7:03  SCV  
  47  7:08  Orbital Command  
  48  7:15  SCV  
  49  7:16  Siege Tank  
  52  7:27  SCV  
  52  7:31  Starport Tech Lab  
  52  7:32  Marine x2  
  52  7:36  SCV  
  54  7:40  SCV  
  49  7:48  SCV  
  49  7:50  Marine x2, Siege Tank  
  52  7:53  SCV  
  52  7:58  Banshee  
  56  8:00  SCV  
  57  8:08  SCV  
  57  8:12  SCV  
  59  8:16  Command Center  
  59  8:19  Marine x2  
  59  8:28  Siege Tank  
  59  8:31  SCV  
  59  8:33  SCV  
  62  8:43  SCV  
  62  8:46  SCV  
  64  8:52  Barracks  
  64  8:54  Barracks  
  64  8:56  Marine, SCV  
  64  8:57  Stimpack  
  64  8:59  SCV  
  64  9:03  Supply Depot  
  64  9:08  SCV  
  65  9:10  Engineering Bay x2  
  65  9:11  SCV  
  66  9:18  Marine  
  66  9:20  SCV  
  66  9:23  SCV  
  69  9:25  Siege Tank  
  71  9:31  Orbital Command  
  71  9:34  Refinery  
  71  9:35  Refinery  
  71  9:36  SCV  
  72  9:40  Marine x2  
  72  9:41  Barracks Tech Lab  
  72  9:43  Terran Infantry Armor Level 1, Terran Infantry Weapons Level 1  
  72  9:44  SCV  
  75  9:48  SCV  
  75  9:56  Starport Reactor  
  75  9:57  SCV  
  76  10:00  SCV x2  
  76  10:01  Marine  
  76  10:02  Combat Shield, Marine x3  
  76  10:06  Supply Depot, Missile Turret  
  82  10:09  SCV  
  84  10:14  Orbital Command  
  84  10:15  Siege Tank  
  86  10:22  SCV x2  
  86  10:23  Supply Depot  
  86  10:24  Supply Depot  
  86  10:27  Missile Turret  
  88  10:34  SCV x2  
  89  10:35  Marine x2  
  89  10:36  Marauder x2  
  89  10:40  Medivac  
  89  10:41  Medivac  
  99  10:43  SCV  
  99  10:46  SCV  
  99  10:47  SCV  
  102  10:52  Supply Depot x2  
  102  10:56  SCV  
  103  10:58  SCV  
  103  10:59  SCV  
  103  11:03  Marine x2, Missile Turret  
  103  11:04  Marauder x2  
  110  11:08  SCV  
  110  11:11  Missile Turret, SCV x2  
  112  11:12  Medivac  
  112  11:13  Concussive Shells  
  108  11:20  SCV  
  108  11:21  Medivac  
  108  11:23  SCV  
  112  11:26  SCV  
  112  11:32  Armory  
  113  11:33  SCV, Missile Turret  
  113  11:35  SCV  
  115  11:41  Marauder, Marine x2  
  115  11:42  Marauder  
  121  11:47  Barracks  
  121  11:48  Barracks, SCV x2  
  121  11:51  Refinery  
  121  11:52  Refinery  
  123  11:55  Supply Depot x2  
  123  11:56  SCV  
  123  12:00  SCV  
  125  12:06  SCV  
  126  12:09  Viking x2  
  130  12:20  Terran Infantry Weapons Level 2, Terran Infantry Armor Level 2  
  130  12:21  SCV  
  129  12:30  Ghost Academy  
  129  12:33  Command Center  
  129  12:38  Marauder x2, Barracks Reactor, Barracks Tech Lab, Marine x2  
  135  12:47  SCV x3  
  138  12:51  Supply Depot  
  136  12:59  Marine  
  136  13:00  Supply Depot, Engineering Bay  
  136  13:03  Supply Depot  
  143  13:07  Siege Tank  
  143  13:12  Medivac x2  
  149  13:28  Enhanced Shockwaves  
  149  13:32  Unknown x3  
  149  13:36  Sensor Tower, Marauder x2  
  149  13:38  Marine x3  
  158  13:41  Viking  
  158  13:42  Viking  
  158  13:44  Siege Tank  
  163  13:56  SCV  
  163  14:02  Supply Depot  
  164  14:04  Unknown  
  164  14:06  Marauder, Marine x4  
  164  14:08  SCV x3  
  177  14:19  Terran Ship Weapons Level 1  
  177  14:25  Missile Turret  
  177  14:28  Missile Turret  
  177  14:30  Marine x4  
  182  14:32  Sensor Tower, Unknown x2  
  182  14:37  Planetary Fortress  
  177  14:57  Marine x2  
  177  14:58  Marine x2, Unknown  
  182  15:00  Barracks  
  182  15:01  Barracks, Unknown  
  182  15:02  Barracks  
  182  15:12  Marauder  
  184  15:15  Marine  
  184  15:17  SCV x2  
  184  15:20  Terran Infantry Weapons Level 3, Refinery  
  187  15:21  Refinery  
  187  15:23  Siege Tank  
  187  15:26  Marauder, Unknown  
  187  15:27  Unknown  
  192  15:29  Missile Turret  
  192  15:36  SCV x3  
  192  15:38  Command Center  
  195  15:43  Terran Infantry Armor Level 3  
  195  15:56  Marine  
  196  15:57  Barracks Reactor, Barracks Tech Lab x2  
  196  16:00  Orbital Command  
  196  16:02  Marauder  
  156  16:14  Marine  
  156  16:17  Siege Tank  
  160  16:20  Supply Depot  
  160  16:22  Supply Depot x2  
  160  16:23  Supply Depot  
  160  16:24  Marauder  
  160  16:25  Marauder  
  164  16:26  Unknown  
  164  16:30  Unknown  
  164  16:34  Marine x3  
  164  16:35  Marauder  
  164  16:40  Marauder x2  
  164  16:45  Marauder  
  164  16:46  Marauder  
  153  16:47  Marine x3  
  153  16:52  Marine x2  
  152  16:56  Marauder  
  152  16:59  Siege Tank  
  159  17:01  Marauder x2  
  159  17:06  Marauder  
  159  17:07  Marauder  
  165  17:16  SCV x2  
  165  17:17  Marauder  
  165  17:22  Marine x3, Missile Turret  
  174  17:28  SCV x2  
  174  17:29  Supply Depot  
  180  17:30  Supply Depot  
  180  17:35  Orbital Command  
  134  17:47  Marine x2  
  134  17:51  Marauder x2, Marine, Unknown x2  
  119  17:53  Marine  
  119  17:54  Marine  
  119  17:56  Marauder, Unknown  
  119  18:05  Marauder, Unknown  
  121  18:07  Marauder, Unknown  
  127  18:13  Marauder, Marine  
  127  18:14  Marine x2  
  127  18:15  Marine  
  127  18:16  Marine  
  134  18:26  Marine  
  132  18:29  Marauder, Viking  
  132  18:31  Marine x2  
  132  18:33  Marine  
  136  18:34  Marauder  
  136  18:35  Viking  
  136  18:37  Marine x2  
  136  18:41  Marauder, Unknown  
  142  18:44  Marine  
  142  18:46  Marauder, Unknown  
  145  18:50  Marauder  
  145  18:52  Marine x3  
  145  18:55  Marauder x2, Marine x2, Unknown  
  156  19:03  Marauder  
  156  19:04  Marine  
  156  19:08  Marauder  
  156  19:09  Marine  
  138  19:12  Marauder  
  138  19:16  Marauder  
  144  19:17  Marauder  
  144  19:18  Marine  
  144  19:19  Marine x3  
  144  19:22  Missile Turret  
  150  19:25  Medivac  
  154  19:33  Marauder  
  154  19:38  Marauder  
  158  19:52  Unknown  
  158  19:57  Unknown  
  158  20:11  Marine x2  
  157  20:16  Marauder  
  157  20:19  Marauder  
Tags
 
Add a new tag
Caveats
  • Supply blocks, unpowered buildings, or Contaminate may cause inaccurate times.
  • Supply counts are checked every 10 seconds.